 Dungeon Crawl Stone Soup version 0.30-a0-1043-g60ff8d5f49 (webtiles) character file.

Game seed: 2422767594987312479

43 Iniera the Trooper (level 3, 0/33 HPs)
             Began as a Draconian Fighter on Apr 9, 2023.
             Slain by a gnoll
             ... wielding a +0 long sword
              (6 damage)
             ... on level 3 of the Dungeon.
             The game lasted 00:01:24 (1562 turns).

Iniera the Trooper (Draconian Fighter)              Turns: 1562, Time: 00:01:25

Health: 0/33       AC:  8    Str: 20    XL:     3   Next: 37%
Magic:  3/3        EV: 11    Int:  8    God:
Gold:   112        SH:  4    Dex: 10    Spells: 2/2 levels left

rFire   . . .      SeeInvis .      - Unarmed
rCold   . . .      Faith    .    a - +0 buckler
rNeg    . . .      Spirit   .    (body armour unavailable)
rPois   .          Reflect  .    (helmet restricted)
rElec   .          Rampage  .    i - +2 cloak
rCorr   .                        (no gloves)
Will    .....                    (no boots)
Stlth   +                        (no amulet)
HPRegen 0.25/turn                (no ring)
MPRegen 0.08/turn                (no ring)

@: no status effects
A: AC +5, unfitting armour, cold-blooded
a: no special abilities


You were on level 3 of the Dungeon.
You visited 1 branch of the dungeon, and saw 3 of its levels.

You collected 112 gold pieces.

Inventory:

Armour
 a - a +0 buckler (worn)
 i - a +2 cloak (worn)
Jewellery
 e - a ring of wizardry
Scrolls
 c - 2 scrolls of identify
 f - a scroll of immolation
 g - a scroll of teleportation
 j - a scroll of poison {unknown}
Potions
 b - a potion of might
 d - a potion of resistance
 h - a potion of lignification


   Skills:
 + Level 3.8 Fighting
 - Level 2.6 Dodging
 - Level 3.0 Shields
 * Level 3.3 Unarmed Combat


You had 2 spell levels left.
You didn't know any spells.
Your spell library contained the following spells:

 Spells                   Type           Power      Damage    Failure   Level
 Vhi's Electric Charge    Tloc/Air       0%         N/A       86%         3
 Arcjolt                  Conj/Air       0%         1d10      100%        5
 Maxwell's Capacitive Co  Air            0%         ∞         100%        8


Dungeon Overview and Level Annotations

Branches:
Dungeon (3/15)

Altars:
Ru


Innate Abilities, Weirdness & Mutations

Your plain brown scales are hard. (AC +5)
You cannot fit into any form of body armour.
You are cold-blooded and may be slowed by cold attacks.


Message History

Found a whip.
A gnoll comes into view. It is wielding a +0 whip.
A gnoll comes into view. It is wielding a +0 spear.
You hit the rat.
The rat is severely wounded.
The rat bites you but does no damage.
You barely miss the rat.
The rat is severely wounded.
You hit the rat but do no damage.
The rat is severely wounded.
The rat bites you but does no damage.
The gnoll shouts!
You hit the rat.
You kill the rat!
You hear a shout!
A gnoll comes into view. It is wielding a +0 long sword.
The gnoll hits you but does no damage.
You barely miss the gnoll. The gnoll hits you with a +0 spear.
A gnoll comes into view. It is wielding a +0 halberd.
You closely miss the gnoll. The gnoll hits you with a +0 spear.
You hit the gnoll but do no damage. The gnoll hits you with a +0 whip.
The gnoll hits you with a +0 spear.
The gnoll hits you with a +0 long sword!
The gnoll hits you but does no damage.
You punch the gnoll!
Your tail-slap misses the gnoll.
The gnoll is severely wounded.
You hear the slow rusting of a very distant drain.
There are monsters nearby!
There are monsters nearby!
You hit the gnoll.
The gnoll is severely wounded.
The gnoll hits you but does no damage.
The gnoll hits you from afar with a +0 halberd!
* * * LOW HITPOINT WARNING * * *
The gnoll barely misses you.
The gnoll hits you with a +0 long sword.
* * * LOW HITPOINT WARNING * * *
The gnoll closely misses you. The gnoll hits you but does no damage.
The gnoll hits you with a +0 long sword.
You die...

##.######.##.##
#.# #.##.# #.
#.##.# #. #.##.#
###.### #.##.#
#.....# #.##.#
#.....####.##.##
#.).†..........#
#...g@##.####..#
#...gg#...# .#
#...g.....). #
###.#####.### #.
.# .. .. ##. .#


You could see 4 gnolls.

Vanquished Creatures
  An adder (D:2)
  A worm (D:2)
  A dart slug (D:1)
  5 ball pythons
  4 bats
  3 endoplasms
  A giant cockroach (D:1)
  2 goblins
  3 hobgoblins
  A quokka (D:2)
  A frilled lizard (D:1)
  2 kobolds (D:1)
  5 rats
30 creatures vanquished.

Notes
Turn   | Place    | Note
-------+----------+-------------------------------------------
     0 | D:1      | Iniera the Draconian Fighter began the quest for the Orb.
     0 | D:1      | Reached XP level 1. HP: 19/19 MP: 1/1
   319 | D:1      | Reached XP level 2. HP: 21/26 MP: 2/2
   746 | D:2      | Found a sacrificial altar of Ru.
  1042 | D:2      | Reached XP level 3. HP: 33/33 MP: 3/3
  1562 | D:3      | Slain by a gnoll

Illustrated notes

Levels and vault maps discovered:
D:1:      dpeg_cavernosity, layout_rooms
D:2:      layout_loops_ring, basic_altar, item_on_display_a
D:3:      layout_loops_ring, zin_scriptorium, gup_sewer_entry_glass,
          ebering_ghost_disaster_area

Skill      XL: |  1  2 |
---------------+-------+-----
Unarmed Combat | 3 |  3.3
Fighting       | |  3.8
Dodging        | |  2.6
Shields        | |  3.0

Action                     || total
---------------------------++-------
  Melee: Unarmed           ||   106
         Tailslap          ||     5
    Use: Scroll            ||     7
 Armour: Skin              ||    24
  Dodge: Dodged            ||    56
  Block: Buckler           ||    17

Table legend: (Time is in decaauts)
 A = Elapsed time spent in this place.
 B = Non-inter-level travel time spent in this place.
 C = Inter-level travel time spent in this place.
 D = Time resting spent in this place.
 E = Time spent auto-exploring this place.
 F = Levels seen in this place.
 G = Mean time per level.
                   A        B        C        D        E       F      G
               +--------+--------+--------+--------+--------+-----+--------+
         Total |   1564 |   1504 |     60 |     52 |   1232 |   3 |  521.3 |
       Dungeon |   1564 |   1504 |     60 |     52 |   1232 |   3 |  521.3 |
               +--------+--------+--------+--------+--------+-----+--------+

Top non-repeatable levels by time:
     D:2: 766 daAuts
     D:1: 747 daAuts
     D:3: 50 daAuts
